 Dungeon Crawl Stone Soup version 0.22.1-2-g9c5b331 (webtiles) character file.

112 whitewolfNL the Cudgeler (level 4, -6/40 HPs)
             Began as a Minotaur Berserker on Dec 2, 2018.
             Was a Believer of Trog.
             Mangled by a gnoll
             ... wielding a +0 halberd
              (7 damage)
             ... on level 3 of the Dungeon.
             The game lasted 00:07:09 (2099 turns).

whitewolfNL the Cudgeler (Minotaur Berserker)       Turns: 2099, Time: 00:07:09

Health: -6/40      AC:  7    Str: 22    XL:     4   Next: 63%
Magic:  3/3        EV: 12    Int:  5    God:    Trog [**....]
Gold:   107        SH:  0    Dex:  9    Spells: 3/3 levels left

rFire    + . .     SeeInvis .   a - +0 mace
rCold    + . .     Gourm    .   (no shield)
rNeg     . . .     Faith    .   p - +0 ring mail (curse)
rPois    .         Spirit   .   h - +2 hat
rElec    .         Reflect  .   n - scarf {rC+ rF+}
rCorr    .         Harm     .   (no gloves)
MR       .....                  (no boots)
Stlth    +.........             (no amulet)
HPRegen  0.13/turn              (no ring)
MPRegen  0.08/turn              (no ring)

@: berserk cooldown, slowed, very slow
A: retaliatory headbutt, horns 2
a: Berserk, Trog's Hand, Renounce Religion


You were on level 3 of the Dungeon.
You worshipped Trog.
Trog was pleased with you.
You were very hungry.

You visited 1 branch of the dungeon, and saw 3 of its levels.

You collected 107 gold pieces.

Inventory:

Hand Weapons
 a - a +0 mace (weapon)
Missiles
 e - 20 arrows
 f - 17 sling bullets
Armour
 h - a +2 hat (worn)
 i - a +0 scale mail
 n - a scarf of resistance (worn)
 p - a cursed +0 ring mail (worn)
Scrolls
 b - a scroll of remove curse {unknown}
 g - a scroll of identify
 k - a scroll of teleportation
Potions
 j - 4 potions of curing
 l - a potion of agility
 m - 2 potions of haste
Comestibles
 c - 9 rations
 d - 3 chunks of flesh


   Skills:
 + Level 4.2 Fighting
 * Level 4.9 Maces & Flails
 * Level 3.3 Armour
 * Level 3.0 Dodging
 * Level 1.0 Stealth


You had 3 spell levels left.
You didn't know any spells.
Your spell library was empty.

Dungeon Overview and Level Annotations

Branches:
Dungeon (3/15)

Altars:
Uskayaw


Innate Abilities, Weirdness & Mutations

You reflexively headbutt those who attack you in melee.
You have a pair of horns on your head.


Message History

The gnoll is heavily wounded.
The gnoll hits you but does no damage. The gnoll closely misses you.
You hit the gnoll but do no damage.
The gnoll is heavily wounded.
The gnoll hits you with a club. The gnoll hits you but does no damage.
The gnoll hits you with a club.
The gnoll hits you from afar with a halberd!
* * * LOW HITPOINT WARNING * * *
You hit the gnoll but do no damage.
The gnoll is heavily wounded.
The gnoll completely misses you.
The gnoll hits you from afar with a halberd.
* * * LOW HITPOINT WARNING * * *
The gnoll closely misses you.
You hit the gnoll but do no damage. Your headbutt misses the gnoll.
The gnoll is heavily wounded.
The gnoll hits you with a club.
* * * LOW HITPOINT WARNING * * *
The gnoll hits you from afar with a halberd!
You die...

+.........+
.....$... #..
....... #.# .....
#.# ... #.# #'# #.#
#g# #.# #g# #.#
######@##
##.#####...#...##
##.#.#...........#
##.###...........##
#.## ##.........###
##.###.............
##.#.#.........###
##.##.........#
####.........#


You could see 2 gnolls.

Vanquished Creatures
  5 adders
  2 gnolls (D:3)
  A leopard gecko (D:2)
  3 orcs (D:3)
  3 bats
  2 giant cockroaches
  8 hobgoblins
  4 jackals (D:1)
  A frilled lizard (D:3)
  4 goblins
  5 kobolds
  7 rats
45 creatures vanquished.

Notes
Turn   | Place    | Note
-------+----------+-------------------------------------------
     0 | D:1      | whitewolfNL the Minotaur Berserker began the quest for the
                  | Orb.
     0 | D:1      | Reached XP level 1. HP: 19/19 MP: 0/0
   304 | D:1      | Reached XP level 2. HP: 26/27 MP: 1/1
  1180 | D:2      | Reached XP level 3. HP: 33/33 MP: 2/2
  1220 | D:2      | Found a hide-covered altar of Uskayaw.
  1301 | D:2      | Reached ** piety under Trog
  1596 | D:2      | Reached XP level 4. HP: 39/40 MP: 3/3
  2093 | D:3      | Reached skill level 1 in Stealth
  2099 | D:3      | HP: 1/40 [gnoll/club (2)]
  2099 | D:3      | Mangled by a gnoll

Skill      XL: |  1  2  3  4 |
---------------+-------------+-----
Maces & Flails | 4 |  4.9
Fighting       | 4 |  4.2
Armour         | 3 |  3.3
Dodging        | 3 |  3.0
Stealth        | 1 |  1.0

Action                   |  1- 3 |  4- 6 || total
-------------------------+-------+-------++-------
Melee: Mace              |    70 |    33 ||   103
       Headbutt          |    12 |     4 ||    16
Invok: Berserk           |     3 |     2 ||     5
  Use: Scroll            |       |     6 ||     6
 Stab: Sleeping          |     1 |       ||     1
  Eat: Chunk             |     6 |     2 ||     8
Armor: Animal skin       |     8 |       ||     8
       Scale mail        |    17 |     2 ||    19
       Ring mail         |       |    11 ||    11
Dodge: Dodged            |    46 |    31 ||    77
